[ AOE2 MATCH · #477240297 ]
Team RMSicilians vs Celts
[ REPLAY ANALYSIS · EXTRACTED FROM THE RECORDED GAME ]
Feudal
12:05
Castle
21:53
Imperial
—
| APM avg | 12.0 |
| APM peak | 24 |
| eAPM avg | 8.6 |
| Villagers / military | 52 / 0 |
Focus
⚔️ 4.3% · 🌾 95.7%
Feudal
11:28
Castle
21:00
Imperial
—
| APM avg | 10.4 |
| APM peak | 31 |
| eAPM avg | 7.6 |
| Villagers / military | 41 / 0 |
Focus
⚔️ 20.2% · 🌾 79.8%
Trade Cart ×6
Feudal
9:06
Castle
13:49
Imperial
—
| APM avg | 20.9 |
| APM peak | 63 |
| eAPM avg | 8.6 |
| Villagers / military | 64 / 0 |
Focus
⚔️ 2.6% · 🌾 97.4%
Feudal
12:03
Castle
20:08
Imperial
—
| APM avg | 13.0 |
| APM peak | 43 |
| eAPM avg | 7.9 |
| Villagers / military | 94 / 0 |
Focus
⚔️ 2.8% · 🌾 97.2%
Feudal
10:14
Castle
16:28
Imperial
—
| APM avg | 12.5 |
| APM peak | 50 |
| eAPM avg | 7.6 |
| Villagers / military | 45 / 1 |
Focus
⚔️ 8.0% · 🌾 92.0%
Unknown (1952) ×3 · Monk ×1
Feudal
11:52
Castle
16:41
Imperial
—
| APM avg | 17.9 |
| APM peak | 60 |
| eAPM avg | 13.7 |
| Villagers / military | 101 / 0 |
Focus
⚔️ 2.8% · 🌾 97.2%
Feudal
—
Castle
—
Imperial
—
| APM avg | 25.0 |
| APM peak | 78 |
| eAPM avg | 13.2 |
| Villagers / military | 50 / 11 |
Focus
⚔️ 19.5% · 🌾 80.5%
Mangonel ×11
Feudal
11:20
Castle
18:47
Imperial
—
| APM avg | 11.8 |
| APM peak | 31 |
| eAPM avg | 10.0 |
| Villagers / military | 81 / 0 |
Focus
⚔️ 2.9% · 🌾 97.1%
Trade Cart ×2
Match map
Initial resources + every placement click. Lines = walls · curves = elevation contours. ◆ gold · ⬟ stone · ● berries · ✦ relic · ◌ wall gap
Your base· ✓ Closed at 21:53 · 0t walls · 2 gate(s)
Silver Light's base· ✓ Closed at 21:00 · 0t walls · 2 gate(s)
秉烛狝影's base· ✓ Closed at 13:49 · 0t walls · 2 gate(s)
淡忘's base· ✓ Closed at 20:08 · 0t walls · 3 gate(s)
Herald of Darkness's base· ✓ Closed at 16:28 · 0t walls · 2 gate(s)
挚爱艾拉's base· ✓ Closed at 16:41 · 0t walls · 2 gate(s)
Luciano24cm's base· ✓ Closed at 16:44 · 31t walls · 3 gate(s)
北冥's base· ✓ Closed at 18:47 · 0t walls · 2 gate(s)
Smoothed initial terrain · ◌ = detected wall gap · hover for details
Inputs per minute
— DSG16 - - Silver Light
Build order — DSG16
109 actions detected in the replay
| 0:07 | Build | House |
| 0:09 | Build | House |
| 0:11 | Create | Villager (Male) |
| 0:11 | Create | Villager (Male) |
| 0:11 | Create | Villager (Male) |
| 0:12 | Create | Villager (Male) |
| 1:53 | Create | Villager (Male) |
| 1:53 | Create | Villager (Male) |
| 1:59 | Build | Lumber Camp |
| 2:33 | Create | Villager (Male) |
| 2:33 | Create | Villager (Male) |
| 2:33 | Create | Villager (Male) |
| 3:03 | Build | House |
| 3:05 | Build | House |
| 3:49 | Create | Villager (Male) |
| 3:50 | Create | Villager (Male) |
| 3:50 | Create | Villager (Male) |
| 3:50 | Create | Villager (Male) |
| 3:56 | Build | House |
| 5:04 | Create | Villager (Male) |
| 5:04 | Create | Villager (Male) |
| 5:17 | Create | Villager (Male) |
| 5:17 | Create | Villager (Male) |
| 5:46 | Create | Villager (Male) |
| 5:46 | Create | Villager (Male) |
| 6:27 | Create | Villager (Male) |
| 6:27 | Create | Villager (Male) |
| 6:27 | Create | Villager (Male) |
| 7:22 | Create | Villager (Male) |
| 7:23 | Create | Villager (Male) |
| 7:23 | Create | Villager (Male) |
| 7:25 | Create | Villager (Male) |
| 7:26 | Create | Villager (Male) |
| 7:26 | Create | Villager (Male) |
| 7:26 | Create | Villager (Male) |
| 7:27 | Create | Villager (Male) |
| 7:36 | Build | Mill |
| 8:21 | Build | Mill |
| 9:07 | Build | Mining Camp |
| 9:26 | Research | Feudal Age |
| 11:47 | Create | Villager (Male) |
| 11:47 | Create | Villager (Male) |
| 11:47 | Create | Villager (Male) |
| 11:48 | Create | Villager (Male) |
| 11:49 | Create | Villager (Male) |
| 12:05 | Age | Feudal Age |
| 12:07 | Research | Horse Collar |
| 12:10 | Research | Double-Bit Axe |
| 12:51 | Build | Donjon |
| 13:03 | Build | Mining Camp |
| 13:16 | Build | House |
| 13:19 | Build | House |
| 13:24 | Build | House |
| 13:25 | Build | House |
| 13:26 | Build | House |
| 13:57 | Build | Farm |
| 13:59 | Build | Farm |
| 14:03 | Build | Farm |
| 14:04 | Build | Farm |
| 14:06 | Build | Farm |
| 14:07 | Build | Farm |
| 14:08 | Build | Farm |
| 14:09 | Build | Farm |
| 14:33 | Build | Farm |
| 14:34 | Build | Farm |
| 14:46 | Create | Villager (Male) |
| 14:46 | Create | Villager (Male) |
| 14:46 | Create | Villager (Male) |
| 14:47 | Create | Villager (Male) |
| 14:47 | Create | Villager (Male) |
| 14:47 | Create | Villager (Male) |
| 14:48 | Create | Villager (Male) |
| 14:48 | Create | Villager (Male) |
| 14:48 | Create | Villager (Male) |
| 15:13 | Build | Farm |
| 15:28 | Build | Mining Camp |
| 16:07 | Build | Farm |
| 16:08 | Build | Farm |
| 16:31 | Build | Blacksmith |
| 17:01 | Build | Lumber Camp |
| 17:37 | Build | Market |
| 18:50 | Research | Forging |
| 19:13 | Research | Castle Age |
| 19:55 | Research | Gold Mining |
| 19:57 | Research | Stone Mining |
| 20:16 | Research | Fletching |
| 21:34 | Create | Villager (Male) |
| 21:35 | Create | Villager (Male) |
| 21:35 | Create | Villager (Male) |
| 21:35 | Create | Villager (Male) |
| 21:35 | Create | Villager (Male) |
| 21:36 | Create | Villager (Male) |
| 21:36 | Create | Villager (Male) |
| 21:37 | Create | Villager (Male) |
| 21:53 | Age | Castle Age |
| 22:03 | Build | Castle |
| 22:26 | Build | Barracks |
| 22:33 | Build | Barracks |
| 22:56 | Build | Farm |
| 22:57 | Build | Farm |
| 22:58 | Build | Farm |
| 22:59 | Build | Farm |
| 23:00 | Build | Farm |
| 23:01 | Build | Farm |
| 23:02 | Build | Farm |
| 23:03 | Build | Farm |
| 23:53 | Research | Heavy Plow |
| 23:55 | Research | Bow Saw |
| 24:03 | Build | Town Center |
Build order — Silver Light
92 actions detected in the replay
| 0:48 | Create | Villager (Male) |
| 1:15 | Create | Villager (Male) |
| 1:39 | Create | Villager (Male) |
| 1:40 | Create | Villager (Male) |
| 2:09 | Create | Villager (Male) |
| 2:10 | Create | Villager (Male) |
| 2:38 | Create | Villager (Male) |
| 2:38 | Create | Villager (Male) |
| 3:02 | Create | Villager (Male) |
| 3:10 | Build | House |
| 3:11 | Build | House |
| 3:12 | Build | House |
| 3:27 | Create | Villager (Male) |
| 3:54 | Create | Villager (Male) |
| 4:24 | Create | Villager (Male) |
| 4:25 | Create | Villager (Male) |
| 4:25 | Create | Villager (Male) |
| 5:08 | Build | Mill |
| 5:16 | Create | Villager (Male) |
| 5:17 | Create | Villager (Male) |
| 5:17 | Create | Villager (Male) |
| 5:17 | Create | Villager (Male) |
| 5:18 | Create | Villager (Male) |
| 5:58 | Create | Villager (Male) |
| 5:59 | Create | Villager (Male) |
| 5:59 | Create | Villager (Male) |
| 6:47 | Build | Lumber Camp |
| 6:58 | Create | Villager (Male) |
| 6:58 | Create | Villager (Male) |
| 7:51 | Create | Villager (Male) |
| 8:35 | Build | Mining Camp |
| 8:47 | Research | Feudal Age |
| 8:47 | Research | Loom |
| 9:00 | Build | Mining Camp |
| 9:17 | Build | House |
| 9:48 | Build | Mill |
| 10:13 | Build | House |
| 10:15 | Build | House |
| 10:16 | Build | House |
| 11:02 | Build | Mill |
| 11:15 | Build | Mill |
| 11:28 | Age | Feudal Age |
| 11:30 | Research | Wheelbarrow |
| 11:32 | Create | Villager (Male) |
| 11:32 | Create | Villager (Male) |
| 11:32 | Create | Villager (Male) |
| 11:33 | Create | Villager (Male) |
| 11:33 | Create | Villager (Male) |
| 11:46 | Build | Watch Tower |
| 12:11 | Build | Watch Tower |
| 12:22 | Research | Double-Bit Axe |
| 13:03 | Research | Horse Collar |
| 13:41 | Build | Farm |
| 13:42 | Build | Farm |
| 13:43 | Build | Farm |
| 13:52 | Build | Farm |
| 14:15 | Build | Farm |
| 15:01 | Build | Market |
| 15:25 | Create | Villager (Male) |
| 15:25 | Create | Villager (Male) |
| 15:25 | Create | Villager (Male) |
| 15:25 | Create | Villager (Male) |
| 15:41 | Build | Blacksmith |
| 16:34 | Build | Barracks |
| 16:38 | Build | Farm |
| 16:40 | Create | Villager (Male) |
| 16:41 | Create | Villager (Male) |
| 16:41 | Create | Villager (Male) |
| 16:59 | Build | Farm |
| 17:10 | Build | Farm |
| 17:36 | Build | Farm |
| 17:38 | Research | Castle Age |
| 18:14 | Research | Stone Mining |
| 18:14 | Research | Gold Mining |
| 18:26 | Build | Farm |
| 19:17 | Build | Watch Tower |
| 19:53 | Create | Trade Cart |
| 19:53 | Create | Trade Cart |
| 19:54 | Create | Trade Cart |
| 19:54 | Create | Trade Cart |
| 19:54 | Create | Trade Cart |
| 19:54 | Create | Trade Cart |
| 20:38 | Build | House |
| 20:40 | Build | House |
| 21:00 | Age | Castle Age |
| 21:01 | Research | Hand Cart |
| 21:03 | Create | Villager (Male) |
| 21:03 | Create | Villager (Male) |
| 21:04 | Create | Villager (Male) |
| 21:04 | Create | Villager (Male) |
| 21:32 | Build | Town Center |
| 21:38 | Research | Gold Mining |
Build order — 秉烛狝影
119 actions detected in the replay
| 0:05 | Build | House |
| 0:08 | Build | House |
| 0:10 | Create | Villager (Male) |
| 0:11 | Create | Villager (Male) |
| 0:11 | Create | Villager (Male) |
| 0:11 | Create | Villager (Male) |
| 0:11 | Create | Villager (Male) |
| 0:11 | Create | Villager (Male) |
| 0:12 | Create | Villager (Male) |
| 1:47 | Create | Villager (Male) |
| 1:47 | Create | Villager (Male) |
| 2:47 | Create | Villager (Male) |
| 2:47 | Create | Villager (Male) |
| 3:08 | Build | Lumber Camp |
| 3:29 | Create | Villager (Male) |
| 3:30 | Create | Villager (Male) |
| 3:47 | Create | Villager (Male) |
| 3:53 | Build | House |
| 4:50 | Create | Villager (Male) |
| 4:50 | Create | Villager (Male) |
| 5:14 | Build | Mill |
| 5:25 | Create | Villager (Male) |
| 7:02 | Research | Feudal Age |
| 7:03 | Research | Feudal Age |
| 9:06 | Age | Feudal Age |
| 9:16 | Build | Market |
| 9:24 | Build | Blacksmith |
| 11:23 | Research | Castle Age |
| 11:24 | Research | Castle Age |
| 12:13 | Research | Horse Collar |
| 13:15 | Research | Double-Bit Axe |
| 13:22 | Create | Villager (Male) |
| 13:23 | Create | Villager (Male) |
| 13:23 | Create | Villager (Male) |
| 13:35 | Build | House |
| 13:37 | Build | House |
| 13:49 | Age | Castle Age |
| 13:53 | Build | Town Center |
| 14:14 | Build | Farm |
| 14:33 | Create | Villager (Male) |
| 14:33 | Create | Villager (Male) |
| 14:33 | Create | Villager (Male) |
| 14:33 | Create | Villager (Male) |
| 14:36 | Build | Farm |
| 14:49 | Build | House |
| 14:51 | Build | House |
| 15:02 | Build | Farm |
| 15:29 | Build | House |
| 15:41 | Build | Farm |
| 15:45 | Create | Villager (Male) |
| 15:45 | Create | Villager (Male) |
| 15:46 | Create | Villager (Male) |
| 16:08 | Build | House |
| 16:12 | Create | Villager (Male) |
| 16:13 | Create | Villager (Male) |
| 16:16 | Create | Villager (Male) |
| 16:25 | Build | Farm |
| 16:42 | Build | House |
| 16:45 | Build | Farm |
| 17:03 | Build | Farm |
| 17:07 | Build | Farm |
| 17:08 | Create | Villager (Male) |
| 17:09 | Create | Villager (Male) |
| 17:11 | Create | Villager (Male) |
| 17:22 | Build | Farm |
| 17:30 | Create | Villager (Male) |
| 17:39 | Build | Farm |
| 17:48 | Create | Villager (Male) |
| 17:49 | Create | Villager (Male) |
| 18:05 | Build | Farm |
| 18:15 | Create | Villager (Male) |
| 18:28 | Build | Farm |
| 18:30 | Create | Villager (Male) |
| 18:44 | Create | Villager (Male) |
| 18:47 | Build | Farm |
| 19:03 | Build | Mining Camp |
| 19:08 | Create | Villager (Male) |
| 19:11 | Create | Villager (Male) |
| 19:11 | Create | Villager (Male) |
| 19:11 | Create | Villager (Male) |
| 19:26 | Build | Farm |
| 19:32 | Create | Villager (Male) |
| 19:36 | Create | Villager (Male) |
| 19:37 | Create | Villager (Male) |
| 19:43 | Build | Farm |
| 19:55 | Create | Villager (Male) |
| 20:01 | Create | Villager (Male) |
| 20:01 | Create | Villager (Male) |
| 20:06 | Build | Farm |
| 20:25 | Research | Heavy Plow |
| 20:31 | Build | Farm |
| 20:40 | Create | Villager (Male) |
| 20:51 | Build | Farm |
| 20:52 | Build | Farm |
| 20:56 | Build | Farm |
| 20:58 | Create | Villager (Male) |
| 21:01 | Create | Villager (Male) |
| 21:23 | Create | Villager (Male) |
| 21:31 | Create | Villager (Male) |
| 21:32 | Create | Villager (Male) |
| 21:37 | Build | Farm |
| 22:00 | Build | Farm |
| 22:11 | Build | Farm |
| 22:13 | Create | Villager (Male) |
| 22:13 | Create | Villager (Male) |
| 22:14 | Create | Villager (Male) |
| 22:14 | Create | Villager (Male) |
| 22:29 | Research | Bow Saw |
| 23:00 | Build | House |
| 23:01 | Build | House |
| 23:02 | Build | House |
| 23:04 | Build | House |
| 23:12 | Research | Wheelbarrow |
| 23:17 | Create | Villager (Male) |
| 23:17 | Create | Villager (Male) |
| 24:18 | Build | Castle |
| 24:22 | Create | Villager (Male) |
| 24:22 | Create | Villager (Male) |
| 24:23 | Create | Villager (Male) |
Build order — 淡忘
126 actions detected in the replay
| 0:10 | Build | House |
| 0:12 | Build | House |
| 0:14 | Build | House |
| 0:20 | Create | Villager (Male) |
| 0:20 | Create | Villager (Male) |
| 0:20 | Create | Villager (Male) |
| 0:21 | Create | Villager (Male) |
| 0:21 | Create | Villager (Male) |
| 0:42 | Research | Loom |
| 0:43 | Create | Villager (Male) |
| 0:43 | Create | Villager (Male) |
| 0:43 | Create | Villager (Male) |
| 0:44 | Create | Villager (Male) |
| 2:13 | Build | Mill |
| 2:16 | Create | Villager (Male) |
| 3:24 | Create | Villager (Male) |
| 3:25 | Create | Villager (Male) |
| 3:25 | Create | Villager (Male) |
| 4:26 | Create | Villager (Male) |
| 4:26 | Create | Villager (Male) |
| 4:26 | Create | Villager (Male) |
| 4:41 | Create | Villager (Male) |
| 5:34 | Create | Villager (Male) |
| 5:34 | Create | Villager (Male) |
| 5:34 | Create | Villager (Male) |
| 5:54 | Build | Mining Camp |
| 6:02 | Create | Villager (Male) |
| 6:02 | Create | Villager (Male) |
| 6:39 | Create | Villager (Male) |
| 6:39 | Create | Villager (Male) |
| 6:39 | Create | Villager (Male) |
| 6:58 | Build | House |
| 8:06 | Create | Villager (Male) |
| 8:07 | Create | Villager (Male) |
| 8:07 | Create | Villager (Male) |
| 9:28 | Create | Villager (Male) |
| 9:45 | Research | Feudal Age |
| 10:04 | Build | Lumber Camp |
| 10:44 | Build | Mining Camp |
| 10:51 | Create | Villager (Male) |
| 10:51 | Create | Villager (Male) |
| 10:51 | Create | Villager (Male) |
| 10:52 | Create | Villager (Male) |
| 10:53 | Create | Villager (Male) |
| 10:53 | Create | Villager (Male) |
| 11:13 | Build | House |
| 11:15 | Build | House |
| 11:17 | Build | House |
| 11:18 | Build | House |
| 12:03 | Age | Feudal Age |
| 12:32 | Build | Farm |
| 12:51 | Build | Lumber Camp |
| 12:54 | Build | Farm |
| 12:57 | Build | Farm |
| 13:02 | Build | Farm |
| 13:32 | Build | Farm |
| 13:53 | Build | Farm |
| 13:59 | Build | Farm |
| 14:08 | Build | Farm |
| 14:11 | Create | Villager (Male) |
| 14:11 | Create | Villager (Male) |
| 14:11 | Create | Villager (Male) |
| 14:17 | Build | Farm |
| 14:37 | Build | Farm |
| 14:54 | Build | Blacksmith |
| 15:06 | Build | Farm |
| 15:28 | Build | Farm |
| 15:43 | Build | House |
| 15:47 | Create | Villager (Male) |
| 15:47 | Create | Villager (Male) |
| 15:53 | Build | Farm |
| 16:15 | Build | Market |
| 16:31 | Create | Villager (Male) |
| 16:38 | Build | Farm |
| 16:44 | Build | Farm |
| 17:03 | Create | Villager (Male) |
| 17:07 | Build | Farm |
| 17:18 | Research | Castle Age |
| 17:18 | Research | Castle Age |
| 17:24 | Build | House |
| 17:26 | Build | House |
| 17:33 | Research | Horse Collar |
| 17:39 | Build | Farm |
| 18:57 | Research | Double-Bit Axe |
| 19:46 | Create | Villager (Male) |
| 19:46 | Create | Villager (Male) |
| 19:47 | Create | Villager (Male) |
| 19:59 | Create | Villager (Male) |
| 20:08 | Age | Castle Age |
| 20:21 | Build | Town Center |
| 20:32 | Build | Town Center |
| 20:44 | Build | Town Center |
| 21:11 | Create | Villager (Male) |
| 21:12 | Create | Villager (Male) |
| 21:12 | Create | Villager (Male) |
| 21:12 | Create | Villager (Male) |
| 21:13 | Create | Villager (Male) |
| 21:13 | Create | Villager (Male) |
| 21:13 | Create | Villager (Male) |
| 21:14 | Create | Villager (Male) |
| 21:14 | Create | Villager (Male) |
| 21:54 | Create | Villager (Male) ×5 |
| 22:00 | Create | Villager (Male) ×5 |
| 22:13 | Create | Villager (Male) ×4 |
| 22:13 | Create | Villager (Male) ×4 |
| 22:13 | Create | Villager (Male) ×4 |
| 22:14 | Create | Villager (Male) |
| 22:30 | Build | Farm |
| 22:54 | Build | Farm |
| 23:04 | Create | Villager (Male) ×4 |
| 23:05 | Create | Villager (Male) ×5 |
| 23:05 | Create | Villager (Male) |
| 23:11 | Build | Farm |
| 23:20 | Build | Farm |
| 23:28 | Create | Villager (Male) ×3 |
| 23:28 | Create | Villager (Male) ×3 |
| 23:34 | Build | Farm |
| 23:45 | Build | House |
| 23:47 | Build | House |
| 23:48 | Build | House |
| 23:50 | Build | House |
| 23:51 | Build | House |
| 23:54 | Build | House |
| 24:00 | Build | Farm |
| 24:05 | Build | Farm |
| 24:09 | Build | Farm |
Build order — Herald of Darkness
98 actions detected in the replay
| 0:01 | Create | Villager (Male) |
| 0:02 | Create | Villager (Male) |
| 0:02 | Create | Villager (Male) |
| 0:02 | Create | Villager (Male) |
| 0:02 | Create | Villager (Male) |
| 0:06 | Build | House |
| 0:07 | Build | House |
| 1:31 | Create | Villager (Male) |
| 1:31 | Create | Villager (Male) |
| 1:49 | Build | Lumber Camp |
| 2:01 | Create | Villager (Male) |
| 2:01 | Create | Villager (Male) |
| 2:19 | Create | Villager (Male) |
| 2:19 | Create | Villager (Male) |
| 2:51 | Create | Villager (Male) |
| 2:51 | Create | Villager (Male) |
| 3:10 | Create | Villager (Male) |
| 3:29 | Build | House |
| 3:37 | Create | Villager (Male) |
| 3:37 | Create | Villager (Male) |
| 4:03 | Create | Villager (Male) |
| 4:03 | Create | Villager (Male) |
| 4:17 | Build | Mill |
| 4:32 | Create | Villager (Male) |
| 4:33 | Create | Villager (Male) |
| 4:58 | Create | Villager (Male) |
| 4:59 | Create | Villager (Male) |
| 4:59 | Create | Villager (Male) |
| 5:17 | Build | House |
| 5:51 | Create | Villager (Male) |
| 5:51 | Create | Villager (Male) |
| 5:51 | Create | Villager (Male) |
| 5:52 | Create | Villager (Male) |
| 6:21 | Build | Lumber Camp |
| 7:01 | Create | Villager (Male) |
| 7:03 | Create | Villager (Male) |
| 7:41 | Build | Mining Camp |
| 8:04 | Research | Feudal Age |
| 8:05 | Research | Feudal Age |
| 9:05 | Create | Villager (Male) |
| 9:05 | Create | Villager (Male) |
| 10:04 | Build | Mill |
| 10:14 | Age | Feudal Age |
| 10:42 | Build | House |
| 11:00 | Create | Villager (Male) |
| 11:29 | Build | Market |
| 11:30 | Build | Blacksmith |
| 11:55 | Build | Mining Camp |
| 11:58 | Create | Villager (Male) |
| 13:48 | Research | Castle Age |
| 13:48 | Research | Castle Age |
| 14:08 | Build | Barracks |
| 14:48 | Build | Archery Range |
| 14:53 | Build | Stable |
| 16:28 | Age | Castle Age |
| 16:33 | Build | Mill |
| 16:40 | Create | Unit 1952 |
| 16:41 | Create | Unit 1952 |
| 16:41 | Create | Unit 1952 |
| 16:52 | Research | Double-Bit Axe |
| 16:55 | Research | Stone Mining |
| 17:05 | Build | Monastery |
| 17:31 | Create | Villager (Male) |
| 17:31 | Create | Villager (Male) |
| 17:55 | Build | House |
| 17:56 | Build | House |
| 17:57 | Build | House |
| 18:52 | Build | Farm |
| 18:53 | Build | Farm |
| 18:54 | Build | Farm |
| 18:55 | Build | Farm |
| 18:57 | Build | Farm |
| 18:58 | Build | Farm |
| 18:59 | Build | Farm |
| 19:00 | Build | Farm |
| 19:07 | Research | Horse Collar |
| 19:19 | Build | Mining Camp |
| 19:23 | Create | Villager (Male) |
| 19:38 | Research | Wheelbarrow |
| 20:08 | Build | Castle |
| 20:17 | Research | Gold Mining |
| 20:28 | Research | Husbandry |
| 20:49 | Create | Monk |
| 21:04 | Create | Villager (Male) |
| 21:05 | Create | Villager (Male) |
| 21:05 | Create | Villager (Male) |
| 21:05 | Create | Villager (Male) |
| 21:44 | Build | Farm |
| 21:45 | Build | Farm |
| 21:46 | Build | Farm |
| 21:47 | Build | Farm |
| 21:48 | Build | Farm |
| 21:51 | Research | Bow Saw |
| 22:51 | Create | Villager (Male) |
| 22:52 | Create | Villager (Male) |
| 22:52 | Create | Villager (Male) |
| 22:52 | Create | Villager (Male) |
| 22:53 | Create | Villager (Male) |
Build order — 挚爱艾拉
First 150 of 186 actions detected
| 0:07 | Create | Villager (Male) |
| 0:08 | Create | Villager (Male) |
| 0:08 | Create | Villager (Male) |
| 0:08 | Create | Villager (Male) |
| 0:08 | Create | Villager (Male) |
| 0:08 | Create | Villager (Male) |
| 0:10 | Build | House |
| 0:13 | Build | House |
| 1:19 | Create | Villager (Male) |
| 1:19 | Create | Villager (Male) |
| 1:53 | Build | Lumber Camp |
| 2:00 | Create | Villager (Male) |
| 2:01 | Create | Villager (Male) |
| 2:21 | Create | Villager (Male) |
| 2:47 | Create | Villager (Male) |
| 2:47 | Create | Villager (Male) |
| 2:47 | Create | Villager (Male) |
| 3:09 | Create | Villager (Male) |
| 3:09 | Create | Villager (Male) |
| 3:36 | Build | Mill |
| 3:40 | Create | Villager (Male) |
| 3:41 | Create | Villager (Male) |
| 3:58 | Build | House |
| 4:03 | Create | Villager (Male) |
| 4:04 | Create | Villager (Male) |
| 4:25 | Create | Villager (Male) |
| 4:25 | Create | Villager (Male) |
| 4:48 | Create | Villager (Male) |
| 4:48 | Create | Villager (Male) |
| 5:11 | Create | Villager (Male) |
| 5:30 | Create | Villager (Male) |
| 5:45 | Create | Villager (Male) |
| 5:45 | Create | Villager (Male) |
| 6:02 | Build | House |
| 6:12 | Create | Villager (Male) |
| 6:19 | Create | Villager (Male) |
| 7:05 | Create | Villager (Male) |
| 7:16 | Create | Villager (Male) |
| 7:34 | Create | Villager (Male) |
| 7:58 | Create | Villager (Male) |
| 8:05 | Build | House |
| 8:22 | Create | Villager (Male) |
| 9:24 | Build | Mining Camp |
| 9:37 | Research | Feudal Age |
| 9:51 | Create | Villager (Male) |
| 9:51 | Create | Villager (Male) |
| 10:06 | Build | House |
| 10:13 | Build | Farm |
| 10:18 | Build | Farm |
| 10:22 | Build | Farm |
| 10:27 | Build | Farm |
| 10:31 | Build | Farm |
| 10:37 | Build | Farm |
| 11:08 | Build | Farm |
| 11:09 | Build | Farm |
| 11:11 | Build | Farm |
| 11:24 | Build | Barracks |
| 11:52 | Age | Feudal Age |
| 12:08 | Build | Blacksmith |
| 12:37 | Build | Lumber Camp |
| 12:46 | Create | Villager (Male) |
| 13:07 | Create | Villager (Male) |
| 13:13 | Build | Stable |
| 13:34 | Research | Loom |
| 13:56 | Research | Castle Age |
| 13:56 | Research | Castle Age |
| 14:17 | Build | House |
| 14:20 | Build | House |
| 14:21 | Build | House |
| 14:23 | Build | House |
| 14:26 | Build | House |
| 14:27 | Build | House |
| 14:28 | Build | House |
| 14:58 | Build | Mining Camp |
| 15:06 | Build | Farm |
| 15:10 | Build | Farm |
| 15:16 | Build | Farm |
| 15:23 | Create | Villager (Male) |
| 15:23 | Create | Villager (Male) |
| 15:24 | Create | Villager (Male) |
| 16:41 | Age | Castle Age |
| 16:47 | Build | Town Center |
| 16:56 | Build | Town Center |
| 17:42 | Build | Town Center |
| 17:59 | Create | Villager (Male) |
| 18:00 | Create | Villager (Male) |
| 18:01 | Create | Villager (Male) |
| 18:02 | Create | Villager (Male) |
| 18:30 | Build | House |
| 18:31 | Build | House |
| 18:32 | Build | House |
| 18:34 | Build | House |
| 18:35 | Build | House |
| 18:37 | Build | House |
| 18:39 | Create | Villager (Male) |
| 18:39 | Create | Villager (Male) |
| 18:40 | Create | Villager (Male) |
| 18:40 | Create | Villager (Male) |
| 18:41 | Create | Villager (Male) |
| 18:41 | Create | Villager (Male) |
| 18:41 | Create | Villager (Male) |
| 18:42 | Create | Villager (Male) |
| 18:43 | Create | Villager (Male) |
| 18:43 | Create | Villager (Male) |
| 18:43 | Create | Villager (Male) |
| 18:58 | Build | Farm |
| 19:00 | Build | Farm |
| 19:01 | Build | Farm |
| 19:02 | Build | Farm |
| 19:13 | Create | Villager (Male) |
| 19:14 | Create | Villager (Male) |
| 19:14 | Create | Villager (Male) |
| 19:14 | Create | Villager (Male) |
| 19:16 | Create | Villager (Male) |
| 19:24 | Build | Farm |
| 19:26 | Build | Farm |
| 19:27 | Build | Farm |
| 19:37 | Build | Farm |
| 19:47 | Build | Farm |
| 19:54 | Build | Farm |
| 20:03 | Create | Villager (Male) |
| 20:04 | Create | Villager (Male) |
| 20:07 | Create | Villager (Male) |
| 20:10 | Build | Farm |
| 20:18 | Create | Villager (Male) |
| 20:24 | Create | Villager (Male) |
| 20:38 | Create | Villager (Male) |
| 20:42 | Create | Villager (Male) |
| 20:56 | Create | Villager (Male) |
| 21:00 | Create | Villager (Male) |
| 21:03 | Create | Villager (Male) |
| 21:12 | Create | Villager (Male) |
| 21:23 | Create | Villager (Male) |
| 21:27 | Build | Farm |
| 21:29 | Build | Farm |
| 21:30 | Build | Farm |
| 21:31 | Build | Farm |
| 21:31 | Build | Farm |
| 21:35 | Create | Villager (Male) |
| 21:39 | Create | Villager (Male) |
| 21:43 | Build | House |
| 21:44 | Build | House |
| 21:46 | Build | House |
| 21:47 | Build | House |
| 21:48 | Build | House |
| 22:06 | Create | Villager (Male) |
| 22:07 | Create | Villager (Male) |
| 22:08 | Create | Villager (Male) |
| 22:09 | Create | Villager (Male) |
| 22:15 | Build | Farm |
Build order — Luciano24cm
137 actions detected in the replay
| 0:03 | Create | Villager (Male) |
| 0:03 | Create | Villager (Male) |
| 0:03 | Create | Villager (Male) |
| 0:03 | Create | Villager (Male) |
| 0:04 | Create | Villager (Male) |
| 0:05 | Build | House |
| 0:06 | Build | House |
| 0:07 | Build | House |
| 0:12 | Create | Villager (Male) |
| 0:12 | Create | Villager (Male) |
| 0:34 | Build | Palisade Wall |
| 1:44 | Create | Villager (Male) |
| 1:45 | Create | Villager (Male) |
| 2:51 | Create | Villager (Male) |
| 2:52 | Create | Villager (Male) |
| 2:52 | Create | Villager (Male) |
| 2:52 | Create | Villager (Male) |
| 2:53 | Create | Villager (Male) |
| 3:49 | Create | Villager (Male) |
| 3:50 | Create | Villager (Male) |
| 3:50 | Create | Villager (Male) |
| 4:49 | Build | Palisade Wall |
| 5:00 | Build | Palisade Wall |
| 5:13 | Create | Villager (Male) |
| 5:14 | Create | Villager (Male) |
| 5:14 | Create | Villager (Male) |
| 5:14 | Research | Loom |
| 5:17 | Build | Palisade Wall |
| 5:35 | Build | Lumber Camp |
| 6:32 | Build | Mill |
| 6:34 | Build | Palisade Wall |
| 6:34 | Build | Palisade Wall |
| 7:08 | Research | Feudal Age |
| 7:10 | Create | Villager (Male) |
| 7:11 | Create | Villager (Male) |
| 8:22 | Build | Palisade Wall |
| 8:31 | Build | House |
| 8:37 | Build | House |
| 8:47 | Create | Villager (Male) |
| 9:16 | Build | House |
| 9:17 | Build | House |
| 9:21 | Research | Double-Bit Axe |
| 9:25 | Create | Villager (Male) |
| 9:51 | Build | Palisade Wall |
| 10:01 | Build | Farm |
| 10:17 | Build | Farm |
| 10:19 | Build | Mill |
| 10:30 | Build | Farm |
| 10:38 | Create | Villager (Male) |
| 10:39 | Create | Villager (Male) |
| 10:39 | Create | Villager (Male) |
| 10:39 | Create | Villager (Male) |
| 10:39 | Create | Villager (Male) |
| 10:42 | Build | Farm |
| 10:44 | Create | Villager (Male) |
| 11:07 | Build | Market |
| 11:09 | Build | Palisade Wall |
| 11:11 | Build | Palisade Wall |
| 11:19 | Create | Villager (Male) |
| 11:29 | Create | Villager (Male) |
| 11:29 | Create | Villager (Male) |
| 11:46 | Build | Farm |
| 11:52 | Build | Mill |
| 11:53 | Build | Farm |
| 11:56 | Create | Villager (Male) |
| 12:01 | Build | House |
| 12:06 | Create | Villager (Male) |
| 12:22 | Build | Farm |
| 12:24 | Create | Villager (Male) |
| 12:45 | Build | Farm |
| 12:46 | Create | Villager (Male) |
| 13:11 | Build | Farm |
| 13:18 | Create | Villager (Male) |
| 13:27 | Create | Villager (Male) |
| 13:34 | Build | Farm |
| 13:38 | Build | Farm |
| 13:41 | Create | Villager (Male) |
| 14:02 | Build | Farm |
| 14:28 | Build | Mining Camp |
| 15:11 | Build | Farm |
| 15:16 | Create | Villager (Male) |
| 15:44 | Create | Villager (Male) |
| 15:51 | Build | Lumber Camp |
| 16:23 | Build | Blacksmith |
| 16:39 | Build | Lumber Camp |
| 16:44 | Research | Castle Age |
| 17:10 | Build | House |
| 17:10 | Build | House |
| 17:11 | Build | House |
| 17:12 | Build | House |
| 17:13 | Build | House |
| 17:14 | Build | House |
| 17:18 | Build | House |
| 17:20 | Build | House |
| 17:28 | Build | House |
| 17:29 | Build | House |
| 17:31 | Build | House |
| 18:45 | Research | Horse Collar |
| 18:49 | Research | Gold Mining |
| 19:48 | Build | Siege Workshop |
| 20:00 | Build | Siege Workshop |
| 20:01 | Build | Siege Workshop |
| 20:23 | Create | Villager (Male) |
| 20:23 | Create | Villager (Male) |
| 20:23 | Create | Villager (Male) |
| 20:29 | Build | House |
| 20:30 | Build | House |
| 20:32 | Build | House |
| 20:38 | Build | House |
| 20:39 | Build | House |
| 20:40 | Build | House |
| 20:41 | Build | House |
| 20:42 | Build | House |
| 20:44 | Build | House |
| 20:46 | Build | House |
| 20:59 | Create | Mangonel |
| 20:59 | Create | Mangonel |
| 21:06 | Create | Mangonel |
| 21:07 | Create | Mangonel |
| 21:21 | Build | Lumber Camp |
| 21:35 | Research | Bow Saw |
| 21:38 | Build | Lumber Camp |
| 21:44 | Create | Villager (Male) |
| 21:48 | Create | Villager (Male) |
| 21:48 | Create | Villager (Male) |
| 21:49 | Create | Villager (Male) |
| 21:49 | Create | Villager (Male) |
| 22:18 | Build | Siege Workshop |
| 22:29 | Build | Siege Workshop |
| 22:50 | Create | Mangonel |
| 23:17 | Create | Mangonel |
| 23:18 | Create | Mangonel |
| 23:21 | Build | Mining Camp |
| 23:25 | Create | Mangonel |
| 23:25 | Create | Mangonel |
| 23:50 | Create | Mangonel |
| 23:51 | Create | Mangonel |
Build order — 北冥
136 actions detected in the replay
| 0:02 | Create | Villager (Male) |
| 0:02 | Create | Villager (Male) |
| 0:04 | Build | House |
| 0:06 | Build | House |
| 0:15 | Build | House |
| 0:16 | Create | Villager (Male) |
| 0:16 | Create | Villager (Male) |
| 1:46 | Create | Villager (Male) |
| 1:47 | Create | Villager (Male) |
| 2:09 | Create | Villager (Male) |
| 2:09 | Create | Villager (Male) |
| 2:41 | Create | Villager (Male) |
| 2:42 | Create | Villager (Male) |
| 2:48 | Build | House |
| 2:51 | Build | Mill |
| 3:09 | Create | Villager (Male) |
| 3:10 | Create | Villager (Male) |
| 4:02 | Create | Villager (Male) |
| 4:22 | Create | Villager (Male) |
| 4:22 | Create | Villager (Male) |
| 4:48 | Create | Villager (Male) |
| 4:48 | Create | Villager (Male) |
| 6:01 | Create | Villager (Male) |
| 6:14 | Create | Villager (Male) |
| 6:14 | Create | Villager (Male) |
| 6:51 | Build | Lumber Camp |
| 6:56 | Create | Villager (Male) |
| 7:20 | Create | Villager (Male) |
| 7:43 | Create | Villager (Male) |
| 8:13 | Create | Villager (Male) |
| 8:41 | Create | Villager (Male) |
| 9:10 | Research | Feudal Age |
| 9:10 | Research | Feudal Age |
| 9:10 | Research | Feudal Age |
| 9:10 | Research | Feudal Age |
| 9:57 | Build | House |
| 10:04 | Build | House |
| 10:05 | Build | House |
| 10:54 | Build | House |
| 10:58 | Create | Villager (Male) |
| 10:58 | Create | Villager (Male) |
| 11:10 | Build | Farm |
| 11:11 | Build | Farm |
| 11:20 | Age | Feudal Age |
| 11:40 | Build | Market |
| 11:50 | Build | Farm |
| 11:58 | Build | Blacksmith |
| 12:04 | Create | Villager (Male) |
| 12:27 | Build | Farm |
| 12:30 | Create | Villager (Male) |
| 12:39 | Build | Farm |
| 12:45 | Build | Farm |
| 12:46 | Build | Farm |
| 12:53 | Build | House |
| 12:57 | Create | Villager (Male) |
| 13:06 | Build | Farm |
| 13:16 | Build | House |
| 13:18 | Build | House |
| 13:25 | Build | Farm |
| 13:26 | Build | Farm |
| 13:28 | Build | Farm |
| 13:29 | Build | Farm |
| 13:30 | Build | Farm |
| 13:33 | Build | Farm |
| 13:36 | Create | Villager (Male) |
| 13:37 | Create | Villager (Male) |
| 13:46 | Build | Farm |
| 13:59 | Build | Farm |
| 14:04 | Create | Villager (Male) |
| 14:14 | Build | Farm |
| 14:25 | Build | House |
| 14:34 | Build | Farm |
| 14:46 | Build | House |
| 14:48 | Build | House |
| 14:52 | Create | Villager (Male) |
| 15:00 | Build | Farm |
| 15:12 | Create | Villager (Male) |
| 15:22 | Build | Farm |
| 15:39 | Create | Villager (Male) |
| 15:54 | Research | Castle Age |
| 15:54 | Research | Castle Age |
| 15:54 | Research | Castle Age |
| 15:54 | Research | Castle Age |
| 16:00 | Build | House |
| 16:03 | Build | House |
| 16:04 | Build | House |
| 16:06 | Build | House |
| 16:07 | Build | House |
| 16:16 | Research | Double-Bit Axe |
| 16:57 | Research | Horse Collar |
| 18:03 | Create | Villager (Male) |
| 18:03 | Create | Villager (Male) |
| 18:47 | Age | Castle Age |
| 18:49 | Build | Town Center |
| 19:01 | Build | Town Center |
| 19:03 | Create | Villager (Male) |
| 19:08 | Build | House |
| 19:10 | Build | House |
| 19:12 | Build | House |
| 19:14 | Build | House |
| 19:15 | Build | House |
| 19:16 | Build | House |
| 19:23 | Create | Villager (Male) |
| 19:23 | Create | Villager (Male) |
| 19:41 | Create | Villager (Male) |
| 19:41 | Create | Villager (Male) |
| 20:08 | Create | Villager (Male) |
| 20:30 | Create | Villager (Male) |
| 20:30 | Create | Villager (Male) |
| 20:31 | Research | Bow Saw |
| 20:43 | Create | Villager (Male) |
| 20:44 | Create | Villager (Male) |
| 20:44 | Create | Villager (Male) |
| 20:44 | Create | Villager (Male) |
| 20:49 | Create | Villager (Male) |
| 20:49 | Create | Villager (Male) |
| 20:49 | Research | Heavy Plow |
| 21:23 | Create | Villager (Male) |
| 21:24 | Create | Villager (Male) |
| 21:42 | Create | Villager (Male) |
| 21:42 | Create | Villager (Male) |
| 22:03 | Build | Town Center |
| 22:08 | Create | Villager (Male) ×5 |
| 22:12 | Build | House |
| 22:29 | Create | Villager (Male) ×5 |
| 22:36 | Create | Villager (Male) ×5 |
| 22:42 | Create | Villager (Male) ×5 |
| 22:46 | Build | House |
| 23:14 | Create | Villager (Male) |
| 23:14 | Create | Villager (Male) |
| 23:15 | Create | Villager (Male) |
| 23:36 | Build | Mining Camp |
| 23:42 | Create | Villager (Male) |
| 23:43 | Create | Villager (Male) |
| 24:09 | Create | Trade Cart |
| 24:09 | Create | Trade Cart |
Match timeline
| 0:34 | Luciano24cm · wall_segment Palisade Wall x1 |
| 4:49 | Luciano24cm · wall_segment Palisade Wall x1 |
| 5:00 | Luciano24cm · wall_segment Palisade Wall x1 |
| 5:17 | Luciano24cm · wall_segment Palisade Wall x1 |
| 6:34 | Luciano24cm · wall_segment Palisade Wall x1 |
| 6:34 | Luciano24cm · wall_segment Palisade Wall x1 |
| 8:22 | Luciano24cm · wall_segment Palisade Wall x19 |
| 9:06 | 秉烛狝影 · age_up feudal |
| 9:51 | Luciano24cm · wall_segment Palisade Wall x12 |
| 10:14 | Herald of Darkness · age_up feudal |
| 10:40 | 秉烛狝影 · first_market_sell 100 wood |
| 11:09 | Luciano24cm · wall_segment Palisade Wall x3 |
| 11:11 | Luciano24cm · wall_segment Palisade Wall x3 |
| 11:20 | 北冥 · age_up feudal |
| 11:24 | 挚爱艾拉 · first_building Barracks |
| 11:28 | Silver Light · age_up feudal |
| 11:52 | 挚爱艾拉 · age_up feudal |
| 12:03 | 淡忘 · age_up feudal |
| 12:05 | DSG16 · age_up feudal |
| 12:51 | DSG16 · first_building Donjon |
| 13:13 | 挚爱艾拉 · first_building Stable |
| 13:49 | 秉烛狝影 · age_up castle |
| 14:08 | Herald of Darkness · first_building Barracks |
| 14:48 | Herald of Darkness · first_building Archery Range |
| 14:53 | Herald of Darkness · first_building Stable |
| 15:48 | 北冥 · first_market_sell 100 wood |
| 16:28 | Herald of Darkness · age_up castle |
| 16:34 | Silver Light · first_building Barracks |
| 16:41 | 挚爱艾拉 · age_up castle |
| 17:05 | Herald of Darkness · first_building Monastery |
| 18:47 | 北冥 · age_up castle |
| 19:48 | Luciano24cm · first_building Siege Workshop |
| 20:08 | 淡忘 · age_up castle |
| 20:08 | Herald of Darkness · first_building Castle |
| 21:00 | Silver Light · age_up castle |
| 21:53 | DSG16 · age_up castle |
| 22:03 | DSG16 · first_building Castle |
| 22:26 | DSG16 · first_building Barracks |
| 23:04 | Silver Light · resign |
| 24:18 | 秉烛狝影 · first_building Castle |
[ AI ANALYSIS · 1 CREDIT ]
What really happened in this match?
Wolo.gg analyzes every decision: build order, eco, micro, common mistakes by bracket. Personalized analysis on WhatsApp or Discord in 30 seconds.
Civ guide
Sicilians
Map guide
Arena
Perfil
Jugador #25168883